 Dungeon Crawl Stone Soup version 0.29.0-4-gdea44cf6ec (webtiles) character file.

Game seed: 1074407020199979248

24 greasedhog the Caller (level 3, 0/20 HPs)
             Began as a Tengu Wanderer on Aug 27, 2022.
             Slain by a gnoll
             ... wielding a +0 flail
              (10 damage)
             ... on level 2 of the Dungeon.
             The game lasted 00:01:19 (938 turns).

greasedhog the Caller (Tengu Wanderer)               Turns: 938, Time: 00:01:20

Health: 0/20       AC:  2    Str: 10    XL:     3   Next: 2%
Magic:  6/7        EV: 11    Int: 11    God:
Gold:   60         SH:  0    Dex: 18    Spells: 5/6 levels left

rFire   . . .      SeeInvis .   a - +0 dagger
rCold   . . .      Faith    .   (no shield)
rNeg    . . .      Spirit   .   c - +0 robe
rPois   .          Reflect  .   (helmet restricted)
rElec   .          Harm     .   (no cloak)
rCorr   .          Rampage  .   (no gloves)
Will    .....                   (boots unavailable)
Stlth   ++........              (no amulet)
HPRegen 0.06/turn               (no ring)
MPRegen 0.10/turn               (no ring)

@: brilliant
A: beak, talons 3
a: no special abilities


You were on level 2 of the Dungeon.
You visited 1 branch of the dungeon, and saw 2 of its levels.

You collected 60 gold pieces.

Inventory:

Hand Weapons
 a - a +0 dagger (weapon)
Armour
 c - a +0 robe (worn)
Jewellery
 i - an amulet of guardian spirit
Scrolls
 b - a scroll of vulnerability
 e - 4 scrolls of identify {unknown}
 g - a scroll of enchant weapon {unknown}
Miscellaneous
 d - a piece from Xom's chessboard (10/15)


   Skills:
 * Level 1.6 Fighting
 - Level 2.0 Stealth
 - Level 2.0 Spellcasting
 * Level 5.4 Summonings
 - Level 2.0 Evocations


You had 5 spell levels left.
You knew the following spells:

 Your Spells              Type           Power      Damage    Failure   Level
a - Summon Small Mammal   Summ           76%        N/A       3%          1

Your spell library contained the following spells:

 Spells                   Type           Power      Damage    Failure   Level
 Call Imp                 Summ           19%        N/A       4%          2
 Animate Armour           Summ/Erth      20%        N/A       67%         4


Dungeon Overview and Level Annotations

Branches:
Dungeon (2/15)

Altars:


Innate Abilities, Weirdness & Mutations

You have a beak for a mouth.
You have claws for feet.


Message History

Unknown command.
The gnoll hits your rat with a +0 flail!
Your rat dies!
Your rat's corpse disappears in a puff of smoke!
You make a move on Xom's chessboard...
The gnoll is moving more slowly.
Unknown command.
The gnoll hits you with a +0 whip.
The gnoll stops moving altogether!
The helpless gnoll fails to defend itself.
You puncture the gnoll! You claw the gnoll.
The gnoll is moderately wounded.
The helpless gnoll fails to defend itself.
You puncture the gnoll!
The gnoll is severely wounded.
The helpless gnoll fails to defend itself.
You hit the gnoll. You claw the gnoll.
You kill the gnoll!
You have reached level 3!
Your experience leads to an increase in your attributes!
Increase (S)trength, (I)ntelligence, or (D)exterity?
You feel agile. x2
The gnoll attacks as you move away! The gnoll barely misses you.
The gnoll attacks as you move away! The gnoll barely misses you.
You make a move on Xom's chessboard...
The gnoll twists and deforms.
The gnoll hits you with a +0 flail.
You make a move on Xom's chessboard...
The gnoll suddenly stops moving!
The gnoll closely misses you.
You make a move on Xom's chessboard...
The gnoll struggles to resist.
The gnoll hits you with a +0 flail!
* * * LOW HITPOINT WARNING * * *
Unknown command.
It was a potion of curing.
You feel better. The gnoll barely misses you.
The gnoll attacks as you move away! The gnoll hits you with a +0 flail!
* * * LOW HITPOINT WARNING * * *
You feel better. The gnoll closely misses you.
It was a potion of brilliance.
You feel clever all of a sudden. The gnoll hits you with a +0 flail!
Ouch! That really hurt!
You die...

##########...###
#...g.).........
#g########...###
#.# .## #.# #
#.# #.#
########.#
#.....@g.#
#.######## #.#
#.# #<# #.# #.#
#.# #.#


You could see a gnoll.

Vanquished Creatures
  A gnoll (D:2)
  A dart slug (D:1)
  A ball python (D:1)
  A bat (D:1)
  A goblin (D:1)
  A jackal (D:1)
  A frilled lizard (D:1)
7 creatures vanquished.

Vanquished Creatures (collateral kills)
  A ball python (D:1)
  3 jackals (D:1)
  A bat (D:1)
5 creatures vanquished.

Grand Total: 12 creatures vanquished

Notes
Turn   | Place    | Note
-------+----------+-------------------------------------------
     0 | D:1      | greasedhog the Tengu Wanderer began the quest for the Orb.
     0 | D:1      | greasedhog set off with the following items: a +0 dagger, a
                  | scroll of vulnerability, a +0 robe, a piece from Xom's
                  | chessboard (15/15); and the following spell memorised:
                  | Summon Small Mammal; and the following spells available to
                  | memorise: Call Imp, Animate Armour.
     0 | D:1      | Reached XP level 1. HP: 10/10 MP: 4/4
     2 | D:1      | Noticed an ogre
     2 | D:1      | Noticed a vampire
     4 | D:1      | Noticed a naga
     4 | D:1      | Noticed a vine stalker
     6 | D:1      | Noticed a minotaur
     6 | D:1      | Noticed a draconian
     8 | D:1      | Noticed a palentonga
     8 | D:1      | Noticed a meteoran
    10 | D:1      | Noticed a spriggan
    10 | D:1      | Noticed a ghoul
    12 | D:1      | Noticed a formicid
    12 | D:1      | Noticed a demigod
    14 | D:1      | Noticed an elf
    14 | D:1      | Noticed a demonspawn
    16 | D:1      | Noticed an octopode
    18 | D:1      | Noticed a human
    18 | D:1      | Noticed a felid
    20 | D:1      | Noticed a troll
    22 | D:1      | Noticed a gargoyle
    24 | D:1      | Noticed a merfolk
    24 | D:1      | Noticed a minotaur
    89 | D:1      | Reached skill level 5 in Summonings
   226 | D:1      | Found a faded altar of an unknown god.
   263 | D:1      | Reached skill level 1 in Fighting
   263 | D:1      | Reached XP level 2. HP: 16/16 MP: 4/6
   922 | D:2      | Reached XP level 3. HP: 13/20 MP: 4/7
   930 | D:2      | HP: 1/20 [gnoll/+0 flail (9)]
   938 | D:2      | Slain by a gnoll

Illustrated notes

Levels and vault maps discovered:
D:1:      kb_arrival_jail, layout_loops_ring, basic_ecumenical_altar,
          st_stairs_14
D:2:      layout_loops_ring, minmay_misc_feat_roman

Skill      XL: |  1 |
---------------+----+-----
Summonings     | 5 |  5.4
Fighting       | 1 |  1.6
Stealth        | |  2.0
Spellcasting   | |  2.0
Evocations     | |  2.0

Action                   || total
-------------------------++-------
Melee: Dagger            ||    22
       Kick              ||     4
       Peck              ||     3
 Cast: Summon Small Mamm ||    10
Evoke: Piece from Xom's  ||     5
  Use: Potion            ||     3
 Stab: Petrified         ||     3
Armor: Robe              ||     5
Dodge: Dodged            ||    17
